| TOP OF THE 1ST |
|
California Angels batting - Pitching for Oakland Athletics : RHP Sammy Stewart
|
|
Pitching: RHP Sammy Stewart
|
|
|
Batting: RHB Frank White
|
0-0: Hit by Pitch
|
|
Batting: RHB Jeff Atherton
|
Pickoff Throw to First - Out! 1-3 0-0: Ball 1-0: Ball 2-0: Ball 3-0: Called Strike 3-1: Base on Balls
|
|
Batting: LHB Jason D Thompson
|
0-0: Ball 1-0: Called Strike 1-1: Ball 2-1: Ball 3-1: Foul Ball, location: 2F 3-2: Fielders Choice at 2nd, 3-6 (Groundball, 3, EV 88.1 MPH)
|
|
Batting: LHB Brian Rosinski
|
0-0: Ball 1-0: Ball 2-0: Ball 3-0: Base on Balls Jason D Thompson to second
|
|
Batting: LHB John Milner
|
0-0: Called Strike 0-1: Fly out, F8 (Flyball, 8RD, EV 77.5 MPH)
|
| Top of the 1st over - 0 runs, 0 hits, 0 errors, 2 left on base; California 0 - Oakland 0 |
| BOTTOM OF THE 1ST |
|
Oakland Athletics batting - Pitching for California Angels : RHP Rafael Jimenez
|
|
Pitching: RHP Rafael Jimenez
|
|
|
Batting: RHB Willie Randolph
|
0-0: Called Strike 0-1: Foul Ball, location: 2F 0-2: Ball 1-2: Strikes out swinging
|
|
Batting: LHB Ruppert Jones
|
0-0: Called Strike 0-1: Foul Ball, location: 2F 0-2: Ball 1-2: Ball 2-2: Ball 3-2: Ground out 6-3 (Groundball, 6, EV 101.9 MPH)
|
|
Batting: LHB Ben Oglivie
|
0-0: Ball 1-0: Called Strike 1-1: Ball 2-1: Ball 3-1: Foul Ball, location: 2F 3-2: Base on Balls
|
|
Batting: RHB George Hendrick
|
0-0: Ball Ben Oglivie steals 2nd base 1-0: Foul Ball, location: 2F 1-1: Ball 2-1: Foul Ball, location: 2F 2-2: Ground out 6-3 (Groundball, 6, EV 81.9 MPH)
|
| Bottom of the 1st over - 0 runs, 0 hits, 0 errors, 1 left on base; California 0 - Oakland 0 |
| TOP OF THE 2ND |
|
California Angels batting - Pitching for Oakland Athletics : RHP Sammy Stewart
|
|
Batting: SHB Manny Castillo
|
0-0: Called Strike 0-1: Foul Ball, location: 2F 0-2: Ground out U3 (Groundball, 34, EV 76.3 MPH)
|
|
Batting: SHB Ignacio Medina
|
0-0: Ball 1-0: Ball 2-0: Ball 3-0: Called Strike 3-1: Base on Balls
|
|
Batting: RHB Carlos Pimentel
|
0-0: Ball 1-0: Ball 2-0: Ball 3-0: Called Strike 3-1: Base on Balls Ignacio Medina to second
|
|
Batting: LHB Geno Petralli
|
0-0: Grounds into double play, 4-6-3 (Groundball, 4, EV 100.6 MPH)
|
| Top of the 2nd over - 0 runs, 0 hits, 0 errors, 1 left on base; California 0 - Oakland 0 |
| BOTTOM OF THE 2ND |
|
Oakland Athletics batting - Pitching for California Angels : RHP Rafael Jimenez
|
|
Batting: LHB Reggie Jackson
|
0-0: Called Strike 0-1: SINGLE (Groundball, 4MD, EV 105.0 MPH)
|
|
Batting: RHB Toby Harrah
|
0-0: Ball 1-0: Called Strike 1-1: 2-RUN HOME RUN (Flyball, 7D, EV 100.0 MPH), Distance : 372 ft
|
|
Batting: RHB Earl C Williams
|
0-0: Called Strike 0-1: Ball 1-1: Fly out, F8 (Flyball, 8LXD, EV 95.0 MPH)
|
|
Batting: LHB Tom Lombarski
|
0-0: Ball 1-0: Fly out, F9 (Flyball, 89M, EV 93.1 MPH)
|
|
Batting: RHB Fred Andrews
|
0-0: Ball 1-0: Foul Ball, location: 2F 1-1: DOUBLE (Groundball, 5L, EV 103.8 MPH)
|
|
Batting: RHB Willie Randolph
|
0-0: SINGLE (Line Drive, 6D, EV 99.4 MPH) Fred Andrews to third Runner from 3rd tries for Home, SAFE, throw by CF to home
|
|
Batting: LHB Ruppert Jones
|
0-0: Ball 1-0: Foul Ball, location: 2F 1-1: Swinging Strike 1-2: Strikes out swinging
|
| Bottom of the 2nd over - 3 runs, 4 hits, 0 errors, 1 left on base; California 0 - Oakland 3 |
| TOP OF THE 3RD |
|
California Angels batting - Pitching for Oakland Athletics : RHP Sammy Stewart
|
|
Batting: RHB Frank White
|
0-0: Ball 1-0: Fly out, F5 (Popup, 25, EV 84.4 MPH)
|
|
Batting: RHB Jeff Atherton
|
0-0: Ball 1-0: Fly out, F9 (Flyball, 9LS, EV 93.1 MPH)
|
|
Batting: LHB Jason D Thompson
|
0-0: Called Strike 0-1: Ball 1-1: Swinging Strike 1-2: Ground out 5-3 (Groundball, 5, EV 86.3 MPH)
|
| Top of the 3rd over - 0 runs, 0 hits, 0 errors, 0 left on base; California 0 - Oakland 3 |
| BOTTOM OF THE 3RD |
|
Oakland Athletics batting - Pitching for California Angels : RHP Rafael Jimenez
|
|
Batting: LHB Ben Oglivie
|
0-0: Ball 1-0: Ball 2-0: Called Strike 2-1: Ground out U3 (Groundball, 3, EV 86.3 MPH)
|
|
Batting: RHB George Hendrick
|
0-0: Swinging Strike 0-1: Called Strike 0-2: Ball 1-2: Ball 2-2: Ball 3-2: Foul Ball, location: 2F 3-2: Base on Balls
|
|
Batting: LHB Reggie Jackson
|
0-0: Ball 1-0: Called Strike 1-1: Ball 2-1: Called Strike 2-2: Strikes out swinging
|
|
Batting: RHB Toby Harrah
|
0-0: Foul Ball, location: 2F 0-1: Ball 1-1: Called Strike 1-2: Strikes out swinging
|
| Bottom of the 3rd over - 0 runs, 0 hits, 0 errors, 1 left on base; California 0 - Oakland 3 |
| TOP OF THE 4TH |
|
California Angels batting - Pitching for Oakland Athletics : RHP Sammy Stewart
|
|
Batting: LHB Brian Rosinski
|
0-0: Called Strike 0-1: Foul Ball, location: 2F 0-2: Foul Ball, location: 2F 0-2: SINGLE (Flyball, 56D, EV 87.5 MPH)
|
|
Batting: LHB John Milner
|
0-0: Ball 1-0: Foul Ball, location: 2F 1-1: Ball 2-1: Ball Brian Rosinski steals 2nd base 3-1: Base on Balls
|
|
Batting: SHB Manny Castillo
|
0-0: Called Strike 0-1: Grounds into double play, 3-6-1 (Groundball, 3D, EV 98.1 MPH) Brian Rosinski to third
|
|
Batting: SHB Ignacio Medina
|
0-0: Ball 1-0: Called Strike 1-1: SINGLE (Groundball, 34S, EV 67.5 MPH) (infield hit) Brian Rosinski scores
|
|
Batting: RHB Carlos Pimentel
|
0-0: Called Strike 0-1: Ball 1-1: Ball 2-1: Foul Ball, location: 2F 2-2: Ground out 4-3 (Groundball, 4S, EV 85.6 MPH)
|
| Top of the 4th over - 1 run, 2 hits, 0 errors, 1 left on base; California 1 - Oakland 3 |
| BOTTOM OF THE 4TH |
|
Oakland Athletics batting - Pitching for California Angels : RHP Rafael Jimenez
|
|
Batting: RHB Earl C Williams
|
0-0: Foul Ball, location: 2F 0-1: Swinging Strike 0-2: Ball 1-2: Strikes out looking
|
|
Batting: LHB Tom Lombarski
|
0-0: SOLO HOME RUN (Flyball, 9D, EV 100.0 MPH), Distance : 375 ft
|
|
Batting: RHB Fred Andrews
|
0-0: Foul Ball, location: 2F 0-1: Called Strike 0-2: Strikes out swinging
|
|
Batting: RHB Willie Randolph
|
0-0: Called Strike 0-1: Ball 1-1: Called Strike 1-2: Ground out 4-3 (Groundball, 4M, EV 87.5 MPH)
|
| Bottom of the 4th over - 1 run, 1 hit, 0 errors, 0 left on base; California 1 - Oakland 4 |
| TOP OF THE 5TH |
|
California Angels batting - Pitching for Oakland Athletics : RHP Sammy Stewart
|
|
Batting: LHB Geno Petralli
|
0-0: Ball 1-0: Ground out 3-1 (Groundball, 34, EV 80.6 MPH)
|
|
Batting: RHB Frank White
|
0-0: Called Strike 0-1: Ball 1-1: Ball 2-1: Ball 3-1: Foul Ball, location: 2F 3-2: Foul Ball, location: 2F 3-2: TRIPLE (Flyball, 8RXD, EV 106.3 MPH)
|
|
Batting: RHB Jeff Atherton
|
0-0: Swinging Strike 0-1: SINGLE (Line Drive, 8RS, EV 111.9 MPH) Frank White scores
|
|
Batting: LHB Jason D Thompson
|
0-0: Ball 1-0: Ball 2-0: Ball 3-0: Called Strike 3-1: Base on Balls Jeff Atherton to second
|
|
Batting: LHB Brian Rosinski
|
0-0: SINGLE (Groundball, 4MD, EV 96.3 MPH) Jeff Atherton to third Jason D Thompson to second Runner from 3rd tries for Home, SAFE, throw by CF to home
|
|
Batting: LHB John Milner
|
0-0: Ball 1-0: Fly out, F9 (Line Drive, 9, EV 90.0 MPH)
|
|
Batting: SHB Manny Castillo
|
0-0: Swinging Strike 0-1: Ball 1-1: Foul Ball, location: 2F 1-2: Ball 2-2: Fly out, F4 (Line Drive, 4, EV 70.6 MPH)
|
| Top of the 5th over - 2 runs, 3 hits, 0 errors, 2 left on base; California 3 - Oakland 4 |
| BOTTOM OF THE 5TH |
|
Oakland Athletics batting - Pitching for California Angels : RHP Rafael Jimenez
|
|
Batting: LHB Ruppert Jones
|
0-0: Called Strike 0-1: Ball 1-1: Called Strike 1-2: Ball 2-2: Foul Ball, location: 2F 2-2: Strikes out swinging, 2-3 out at first.
|
|
Batting: LHB Ben Oglivie
|
0-0: Called Strike 0-1: Foul Ball, location: 2F 0-2: Ball 1-2: Foul Ball, location: 2F 1-2: Foul Ball, location: 2F 1-2: Ball 2-2: Ground out 1-3 (Groundball, 34S, EV 63.8 MPH)
|
|
Batting: RHB George Hendrick
|
0-0: Ball 1-0: Ball 2-0: Ball 3-0: Base on Balls
|
|
Batting: LHB Reggie Jackson
|
0-0: Ball 1-0: Swinging Strike 1-1: Foul Ball, location: 2F 1-2: Strikes out swinging
|
| Bottom of the 5th over - 0 runs, 0 hits, 0 errors, 1 left on base; California 3 - Oakland 4 |
| TOP OF THE 6TH |
|
California Angels batting - Pitching for Oakland Athletics : RHP Sammy Stewart
|
|
Batting: SHB Ignacio Medina
|
0-0: Ground out 4-3 (Groundball, 4, EV 80.6 MPH)
|
|
Batting: RHB Carlos Pimentel
|
0-0: Fly out, F9 (Flyball, 89M, EV 93.8 MPH)
|
|
Batting: LHB Geno Petralli
|
0-0: Ball 1-0: Called Strike 1-1: Ball 2-1: Ball 3-1: Base on Balls
|
|
Batting: RHB Frank White
|
0-0: SINGLE (Groundball, 25, EV 63.8 MPH) (infield hit) Geno Petralli to second
|
|
Batting: RHB Jeff Atherton
|
0-0: Called Strike 0-1: Ball 1-1: Ball 2-1: Ball 3-1: SINGLE (Line Drive, 89S, EV 106.9 MPH) Geno Petralli to third Frank White to second Runner from 3rd tries for Home, SAFE, throw by RF to home
|
|
Batting: LHB Jason D Thompson
|
0-0: Foul Ball, location: 2F 0-1: Ball 1-1: Foul Ball, location: 2F 1-2: SINGLE (Groundball, 56D, EV 95.6 MPH) Frank White to third Jeff Atherton to second Throwing error, E7 Frank White scores Jeff Atherton to third Jason D Thompson to second
|
|
Pitching: LHP Bob Falcon
|
|
|
Batting: LHB Brian Rosinski
|
0-0: Called Strike 0-1: Called Strike 0-2: Ball Balk! Jeff Atherton scores Jason D Thompson to third 1-2: Strikes out swinging
|
| Top of the 6th over - 3 runs, 3 hits, 1 error, 1 left on base; California 6 - Oakland 4 |
| BOTTOM OF THE 6TH |
|
Oakland Athletics batting - Pitching for California Angels : RHP Rafael Jimenez
|
|
Batting: RHB Toby Harrah
|
0-0: Ball 1-0: Foul Ball, location: 2F 1-1: Ball 2-1: Foul Ball, location: 2F 2-2: Ball 3-2: Foul Ball, location: 2F 3-2: Base on Balls
|
|
Batting: RHB Earl C Williams
|
0-0: Fly out, F8 (Flyball, 89S, EV 90.6 MPH)
|
|
Batting: LHB Tom Lombarski
|
0-0: Ball 1-0: Ball Wild Pitch! Toby Harrah to second 2-0: Called Strike 2-1: Foul Ball, location: 2F 2-2: Strikes out swinging
|
|
Batting: RHB Fred Andrews
|
0-0: Called Strike 0-1: Ball 1-1: Ball 2-1: Ball 3-1: Ground out 5-3 (Groundball, 56S, EV 87.5 MPH)
|
| Bottom of the 6th over - 0 runs, 0 hits, 0 errors, 1 left on base; California 6 - Oakland 4 |
| TOP OF THE 7TH |
|
California Angels batting - Pitching for Oakland Athletics : LHP Bob Falcon
|
|
Batting: LHB John Milner
|
0-0: Ball 1-0: Foul Ball, location: 2F 1-1: Ball 2-1: Foul Ball, location: 2F 2-2: Foul Ball, location: 2F 2-2: Fly out, F9 (Flyball, 9LM, EV 88.8 MPH)
|
|
Batting: SHB Manny Castillo
|
0-0: Ground out 6-3 (Groundball, 6S, EV 73.8 MPH)
|
|
Batting: SHB Ignacio Medina
|
0-0: Ball 1-0: Called Strike 1-1: Called Strike 1-2: Foul Ball, location: 2F 1-2: Ball 2-2: Ball 3-2: Strikes out swinging
|
| Top of the 7th over - 0 runs, 0 hits, 0 errors, 0 left on base; California 6 - Oakland 4 |
| BOTTOM OF THE 7TH |
|
Oakland Athletics batting - Pitching for California Angels : RHP Rafael Jimenez
|
|
Batting: RHB Willie Randolph
|
0-0: SINGLE (Flyball, 34D, EV 93.8 MPH)
|
|
Batting: LHB Ruppert Jones
|
0-0: Ball Willie Randolph steals 2nd base 1-0: Fly out, F2 (Popup, 2LF, EV 92.5 MPH)
|
|
Pitching: RHP Dennis Lamp
|
|
|
Batting: LHB Ben Oglivie
|
0-0: Ball 1-0: Foul Ball, location: 2F 1-1: Foul Ball, location: 2F 1-2: Ball 2-2: Strikes out swinging
|
|
Batting: RHB George Hendrick
|
0-0: Called Strike 0-1: Called Strike 0-2: Foul Ball, location: 2F 0-2: Ball 1-2: Foul Ball, location: 2F 1-2: Ground out 6-3 (Groundball, 6, EV 92.5 MPH)
|
| Bottom of the 7th over - 0 runs, 1 hit, 0 errors, 1 left on base; California 6 - Oakland 4 |
| TOP OF THE 8TH |
|
California Angels batting - Pitching for Oakland Athletics : LHP Bob Falcon
|
|
Batting: RHB Carlos Pimentel
|
0-0: Ball 1-0: Called Strike 1-1: Called Strike 1-2: Strikes out swinging
|
|
Batting: LHB Geno Petralli
|
0-0: Ball 1-0: Ball 2-0: Ball 3-0: Called Strike 3-1: Foul Ball, location: 2F 3-2: Fly out, F4 (Line Drive, 4, EV 66.9 MPH)
|
|
Batting: RHB Frank White
|
0-0: Foul Ball, location: 2F 0-1: Called Strike 0-2: Foul Ball, location: 2F 0-2: Ground out 5-3 (Groundball, 5, EV 88.1 MPH)
|
| Top of the 8th over - 0 runs, 0 hits, 0 errors, 0 left on base; California 6 - Oakland 4 |
| BOTTOM OF THE 8TH |
|
Oakland Athletics batting - Pitching for California Angels : RHP Dennis Lamp
|
|
Batting: LHB Reggie Jackson
|
0-0: Ball 1-0: Ground out 4-3 (Groundball, 4S, EV 92.5 MPH)
|
|
Batting: RHB Toby Harrah
|
0-0: Ground out 5-3 (Groundball, 56S, EV 68.8 MPH)
|
|
Batting: RHB Earl C Williams
|
0-0: Ball 1-0: Fly out, F8 (Flyball, 89M, EV 89.4 MPH)
|
| Bottom of the 8th over - 0 runs, 0 hits, 0 errors, 0 left on base; California 6 - Oakland 4 |
| TOP OF THE 9TH |
|
California Angels batting - Pitching for Oakland Athletics : LHP Bob Falcon
|
|
Batting: RHB Jeff Atherton
|
0-0: Called Strike 0-1: Ball 1-1: Ball 2-1: Foul Ball, location: 2F 2-2: Foul Ball, location: 2F 2-2: Strikes out swinging
|
|
Batting: LHB Jason D Thompson
|
0-0: Fly out, F7 (Flyball, 78D, EV 87.5 MPH)
|
|
Batting: LHB Brian Rosinski
|
0-0: Swinging Strike 0-1: Ball 1-1: Ball 2-1: Ball 3-1: Swinging Strike 3-2: Fly out, F6 (Popup, 6D, EV 54.4 MPH)
|
| Top of the 9th over - 0 runs, 0 hits, 0 errors, 0 left on base; California 6 - Oakland 4 |
| BOTTOM OF THE 9TH |
|
Oakland Athletics batting - Pitching for California Angels : RHP Dennis Lamp
|
|
Batting: LHB Tom Lombarski
|
0-0: Ball 1-0: Ball 2-0: Called Strike 2-1: Foul Ball, location: 2F 2-2: Ball 3-2: Base on Balls
|
|
Pinch Hitting: SHB Chico Walker
|
0-0: Ball 1-0: Ball 2-0: Foul Ball, location: 2F 2-1: Ball 3-1: Called Strike 3-2: Foul Ball, location: 2F 3-2: Strikes out looking Tom Lombarski steals 2nd base (no throw) Batter strikes out.
|
|
Batting: RHB Willie Randolph
|
0-0: Ground out 4-3 (Groundball, 4, EV 113.8 MPH) Tom Lombarski to third
|
|
Batting: LHB Ruppert Jones
|
0-0: Fly out, F8 (Flyball, 8RD, EV 100.6 MPH)
|
| Bottom of the 9th over - 0 runs, 0 hits, 0 errors, 1 left on base; California 6 - Oakland 4 |
|